 Dungeon Crawl Stone Soup version 0.28-a0-537-g3bccd9ccbf (webtiles) character file.

Game seed: 15889277084666201178

107 runemasterragnar the Magician (level 5, -3/38 HPs)
             Began as a Djinni Wanderer on Sept 28, 2021.
             Was an Initiate of Ru.
             Slain by an orc (6 damage)
             ... on level 3 of the Dungeon.
             The game lasted 00:06:50 (3209 turns).

runemasterragnar the Magician (Djinni Wanderer)     Turns: 3209, Time: 00:06:51

Health: -3/38      AC:  2    Str: 14    XL:     5   Next: 11%
Gold:   57         EV: 12    Int: 13    God:    Ru [......] SH:  0 Dex: 11

rFire   + + .      SeeInvis .   a - +3 short sword
rCold   . . .      Faith    .   (no shield)
rNeg    . . .      Spirit   .   c - +0 robe
rPois   ∞          Reflect  .   (no helmet)
rElec   .          Harm     .   (no cloak)
rCorr   .          Rampage  .   (no gloves)
Will    .....      Clarity  +   (boots unavailable)
Stlth   ++........              (no amulet)
HPRegen 0.12/turn               j - ring of protection from cold
MPRegen 0.00/turn               (no ring)

@: mighty, brilliant, flying, unable to read
A: sickness immunity, fire resistance 2, cold vulnerability 1, float, innate
caster, hp casting, extra vitality 1, clarity, mutation resistance 1, inability
to read while threatened
a: Renounce Religion


You were on level 3 of the Dungeon.
You worshipped Ru.
Ru was noncommittal.
You visited 1 branch of the dungeon, and saw 3 of its levels.

You collected 57 gold pieces.

Inventory:

Hand Weapons
 a - a +3 short sword (weapon)
Armour
 c - a +0 robe (worn)
 e - a +0 chain mail of cold resistance
Jewellery
 j - a ring of protection from cold (left hand)
Scrolls
 d - 3 scrolls of teleportation
 f - 2 scrolls of identify
 g - a scroll of fear


   Skills:
 + Level 2.2 Fighting
 - Level 1.0 Staves
 + Level 2.1 Dodging
 - Level 1.5 Stealth
 - Level 1.0 Shields
 * Level 4.8 Spellcasting


You couldn't memorise any spells.
You knew the following spells:

 Your Spells              Type           Power      Damage    Failure   Level
a - Magic Dart            Conj           92%        1d7       2%          1
b - Blink                 Tloc           N/A        N/A       4%          2
c - Call Imp              Summ           23%        N/A       4%          2
d - Slow                  Hex            23%        N/A       4%          2
e - Conjure Flame         Conj/Fire      23%        6-21      8%          3
f - Mephitic Cloud        Conj/Pois/Air  23%        N/A       8%          3
g - Animate Skeleton      Necr           46%        N/A       2%          1
h - Passwall              Tmut/Erth      19%        N/A       4%          2

Your spell library contained the following spells:

 Spells                   Type           Power      Damage    Failure   Level


Dungeon Overview and Level Annotations

Branches:
Dungeon (3/15)

Altars:
Ru


Innate Abilities, Weirdness & Mutations

You are immune to sickness and miasma.
You are immune to poison.
Your flesh is very heat resistant. (rF++)
You are vulnerable to cold. (rC-)
You float through the air rather than walking.
You learn spells naturally, not from books.
Your magical power is your life essence.
You have superior vitality. (+4 HP)
You possess an exceptional clarity of mind.
You are somewhat resistant to further mutation.
You sometimes lose the ability to read scrolls when taking damage.


Message History

The magic dart hits the orc but does no damage.
The orc is heavily wounded.
Your crimson imp blinks!
The orc throws a boomerang.
The boomerang hits you.
* * * LOW HITPOINT WARNING * * *
Casting: Magic Dart (safe; 2% risk of failure)
Confirm with . or Enter, or press ? or * to list all spells.
Aiming: Magic Dart (safe; 2% risk of failure)
Press: ? - help, Shift-Dir - straight line, f/p - orc
Aim: an orc, wielding a +0 mace, wearing a +0 chain mail and quivering boomerangs (heavily wounded, 100% to hit)
You feel a surge of power!
The magic dart hits the orc but does no damage.
The orc is heavily wounded.
* * * LOW HITPOINT WARNING * * *
The orc throws a boomerang.
The boomerang hits you.
You feel threatened and lose the ability to read scrolls!
* * * LOW HITPOINT WARNING * * *
Casting: Magic Dart (safe; 2% risk of failure)
Confirm with . or Enter, or press ? or * to list all spells.
Okay, then.
Casting: Magic Dart (safe; 2% risk of failure)
Confirm with . or Enter, or press ? or * to list all spells.
Aiming: Mephitic Cloud (dangerous; 8% risk of failure)
Press: ? - help, Shift-Dir - straight line, f/p - orc
Aim: an orc, wielding a +0 mace, wearing a +0 chain mail and quivering boomerangs (heavily wounded, chance to affect: 96%)
You feel a surge of power!
The ball explodes into a vile cloud!
The stinking cloud engulfs you but does no damage.
* * * LOW HITPOINT WARNING * * *
The orc throws a boomerang.
The boomerang misses you.
Unknown command.
Unknown command.
You feel very mighty all of a sudden.
You can read scrolls again.
The orc throws a boomerang.
The boomerang hits you.
* * * LOW HITPOINT WARNING * * *
Your crimson imp disappears in a puff of smoke!
The orc throws a boomerang.
The boomerang misses you. The orc hits you with a +0 mace.
You feel threatened and lose the ability to read scrolls!
You die...

#.# #.# #.#
#)# #.#
#########§#
........#.#
#.#o#
###.#@#.#
#.....o.#
....#.#.###
#. .....#
....###
#####


You could see an orc.

Vanquished Creatures
  Terence (D:2)
  2 adders (D:2)
  2 worms (D:2)
  3 dart slugs
  4 orcs (D:3)
  4 ball pythons
  4 endoplasms
  4 giant cockroaches
  A goblin (D:1)
  4 hobgoblins (D:1)
  2 jackals (D:2)
  5 kobolds
  A quokka (D:1)
  3 bats (D:1)
  A frilled lizard (D:1)
  6 rats
47 creatures vanquished.

Notes
Turn   | Place    | Note
-------+----------+-------------------------------------------
     0 | D:1      | runemasterragnar the Djinni Wanderer began the quest for
                  | the Orb.
     0 | D:1      | Reached XP level 1. HP: 17/17 MP: 0/0
   245 | D:1      | Found a faded altar of an unknown god.
   255 | D:1      | Reached XP level 2. HP: 19/22 MP: 0/0
   256 | D:1      | Became a worshipper of Ru the Awakened
   696 | D:1      | Reached skill level 1 in Dodging
   875 | D:1      | Reached XP level 3. HP: 20/27 MP: 0/0
   875 | D:1      | Learned a level 1 spell: Animate Skeleton
  1923 | D:2      | Reached XP level 4. HP: 22/33 MP: 0/0
  2090 | D:2      | Noticed Terence
  2099 | D:2      | Killed Terence
  2593 | D:2      | Reached XP level 5. HP: 28/38 MP: 0/0
  2593 | D:2      | Learned a level 2 spell: Passwall
  3198 | D:3      | Gained mutation: You possess an exceptional clarity of
                  | mind. [potion of mutation]
  3198 | D:3      | Gained mutation: You sometimes lose the ability to read
                  | scrolls when taking damage. [potion of mutation]
  3198 | D:3      | Gained mutation: You are somewhat resistant to further
                  | mutation. [potion of mutation]
  3209 | D:3      | Slain by an orc

Illustrated notes

Levels and vault maps discovered:
D:1:      lemuel_arrival_cross, layout_loops_cross,
          ebering_ecumenical_altar_petrified, minmay_misc_feat_five
D:2:      layout_loops_cross, uniq_terence
D:3:      layout_loops_corners

Skill      XL: |  1  2  3  4 |
---------------+-------------+-----
Dodging        | 1 2 |  2.1
Fighting       | 2 |  2.2
Staves         | |  1.0
Stealth        | |  1.5
Shields        | |  1.0
Spellcasting   | |  4.8

Action                   |  1- 3 |  4- 6 || total
-------------------------+-------+-------++-------
Melee: Club              |    15 |     2 ||    17
       Short sword       |       |    30 ||    30
 Cast: Magic Dart        |    85 |    32 ||   117
       Call Imp          |     4 |     3 ||     7
       Blink             |     1 |       ||     1
       Mephitic Cloud    |       |     3 ||     3
       Conjure Flame     |       |     1 ||     1
Invok: Reject Sacrifices |     1 |       ||     1
  Use: Scroll            |     2 |       ||     2
       Potion            |       |     5 ||     5
 Stab: Sleeping          |       |     1 ||     1
Armor: Robe              |    10 |     1 ||    11
       Skin              |       |    11 ||    11
Dodge: Dodged            |    17 |    15 ||    32

Table legend: (Time is in decaauts)
 A = Elapsed time spent in this place.
 B = Non-inter-level travel time spent in this place.
 C = Inter-level travel time spent in this place.
 D = Time resting spent in this place.
 E = Time spent auto-exploring this place.
 F = Levels seen in this place.
 G = Mean time per level.
                   A        B        C        D        E       F      G
               +--------+--------+--------+--------+--------+-----+--------+
         Total |   3215 |   3153 |     62 |    201 |   2618 |   3 | 1071.7 |
       Dungeon |   3215 |   3153 |     62 |    201 |   2618 |   3 | 1071.7 |
               +--------+--------+--------+--------+--------+-----+--------+

Top non-repeatable levels by time:
     D:2: 1481 daAuts
     D:1: 1430 daAuts
     D:3: 303 daAuts
